 Dungeon Crawl Stone Soup version 0.22-a0-782-g038298e (webtiles) character file.

74520 tsouns the Brawler (level 15, -8/146 HPs)
             Began as a Troll Artificer on July 19, 2018.
             Was the Champion of Qazlal.
             Mangled by an orc warrior
             ... wielding a +0 great sword
              (25 damage)
             ... on level 2 of the Orcish Mines.
             The game lasted 00:52:24 (17794 turns).

tsouns the Brawler (Troll Artificer)               Turns: 17794, Time: 00:52:25

Health: -8/146     AC: 25    Str: 28    XL:     15   Next: 7%
Magic:  21/21      EV: 10    Int:  7    God:    Qazlal [******]
Gold:   2109       SH:  8    Dex: 11    Spells: 10/14 levels left

rFire    . . .     SeeInvis .     - Unarmed
rCold    . . .     Gourm    +   (no shield)
rNeg     + . .     Faith    .   J - +0 pearl dragon scales
rPois    +         Spirit   .   (helmet restricted)
rElec    .         Reflect  .   v - +2 cloak
rCorr    .         Harm     +   (gloves unavailable)
MR       +....                  (boots unavailable)
Stlth    ..........             S - amulet of harm
HPRegen  0.74/turn              R - +2 ring of protection
MPRegen  0.17/turn              U - ring of poison resistance (curse)

@: protected from physical damage, berserk cooldown, slowed, repel missiles,
very slow
A: large, unfitting armour, claws 3, fast metabolism 3, gourmand, regeneration
1, shaggy fur 1, tough skin 2
a: Upheaval, Elemental Force, Disaster Area, Renounce Religion


You were on level 2 of the Orcish Mines.
You worshipped Qazlal.
Qazlal was exalted by your worship.
You were very full.

You visited 3 branches of the dungeon, and saw 22 of its levels.
You also visited: Sewer and Ossuary.

You collected 2109 gold pieces.

Inventory:

Missiles
 h - 3 javelins
 i - 582 stones
 n - 6 large rocks (quivered)
 o - 25 tomahawks
 K - 15 tomahawks of returning
 O - 6 javelins of returning
 W - a throwing net
Armour
 v - a +2 cloak (worn)
 J - +0 pearl dragon scales (worn)
Jewellery
 y - an uncursed ring of resist corrosion
 M - an uncursed ring of ice
 R - a +2 ring of protection (left claw)
 S - an amulet of harm (around neck)
 U - a cursed ring of poison resistance (right claw)
 Y - an uncursed ring of fire
Wands
 c - a wand of flame (14)
 d - a wand of enslavement (30)
 e - a wand of random effects (63)
 z - a wand of scattershot (7)
 D - a wand of iceblast (14)
 L - a wand of digging (12)
 N - a wand of disintegration (23)
 T - a wand of paralysis (14)
Scrolls
 b - a scroll of fear
 g - 2 scrolls of enchant weapon
 j - 7 scrolls of magic mapping
 l - 2 scrolls of immolation
 m - 2 scrolls of summoning
 w - 2 scrolls of teleportation
 A - 2 scrolls of amnesia
 C - 9 scrolls of remove curse
 H - 4 scrolls of fog
 P - 9 scrolls of identify
 Q - a scroll of blinking
 V - a scroll of holy word
Potions
 a - a potion of resistance
 k - a potion of agility
 p - 2 potions of ambrosia
 q - 7 potions of haste
 r - 11 potions of curing
 s - 8 potions of flight
 t - 3 potions of cancellation
 u - 2 potions of lignification
 x - 2 potions of brilliance
 B - a potion of might
 E - 3 potions of berserk rage
 F - 2 potions of heal wounds
 G - 2 potions of magic
 I - 3 potions of mutation
Comestibles
 f - 39 rations


   Skills:
 + Level 9.3 Fighting
   Level 0.7 Short Blades
 + Level 9.2 Throwing
 + Level 9.6 Armour
 - Level 4.5 Dodging
 - Level 0.3 Stealth
 * Level 15.6 Unarmed Combat
 + Level 9.6 Invocations
 - Level 2.1 Evocations


You had 10 spell levels left.
You knew the following spells:

 Your Spells              Type           Power        Failure   Level  Hunger
a - Animate Skeleton      Necr           N/A          71%         1    ##.....
b - Conjure Flame         Conj/Fire      #.......     97%         3    ####...

Your spell library contained the following spells:

 Spells                   Type           Power        Failure   Level  Hunger
 Magic Dart               Conj           #...         71%         1    ##.....
 Confuse                  Hex            #.......     97%         3    ####...
 Freezing Cloud           Conj/Ice/Air   #.........   100%        6    #######
 Mephitic Cloud           Conj/Pois/Air  #.......     97%         3    ####...
 Ring of Flames           Chrm/Fire      #.........   100%        7    #######
 Iskenderun's Mystic Bla  Conj           #.......     100%        4    #####..
 Animate Dead             Necr           N/A          100%        4    #####..
 Pain                     Necr           #...         71%         1    ##.....
 Vampiric Draining        Necr           #.........   97%         3    ####...
 Regeneration             Chrm/Necr      #.........   97%         3    ####...
 Tukima's Dance           Hex            #.......     97%         3    ####...
 Stone Arrow              Conj/Erth      #.....       97%         3    ####...
 Shadow Creatures         Summ           N/A          100%        6    #######
 Passwall                 Tmut/Erth      #.......     83%         2    ###....
 Ensorcelled Hibernation  Hex/Ice        #.....       83%         2    ###....
 Silence                  Hex/Air        #.........   100%        5    ######.
 Corona                   Hex            #......      71%         1    ##.....
 Lee's Rapid Deconstruct  Erth           #.........   100%        5    ######.
 Sandblast                Erth           #.....       71%         1    ##.....
 Petrify                  Tmut/Erth      #.......     100%        4    #####..
 Darkness                 Hex            #.........   100%        6    #######
 Fulminant Prism          Conj/Hex       #.........   100%        4    #####..
 Dazzling Spray           Conj/Hex       #.....       97%         3    ####...
 Force Lance              Conj/Tloc      #.......     100%        4    #####..
 Searing Ray              Conj           #.....       83%         2    ###....
 Poisonous Vapours        Pois/Air       #.....       83%         2    ###....
 Borgnjor's Vile Clutch   Necr/Erth      #.........   100%        5    ######.


Dungeon Overview and Level Annotations

Branches:
Dungeon (14/15)            Temple (0/1) D:4            Lair (6/6) D:9
  Swamp (0/4) Lair:4       Spider (0/4) Lair:2        Slime (0/5) Lair:5
    Orc (2/2) D:12         Vaults (0/5) D:13
    Elf: Orc:2

Altars:
Ashenzari
Cheibriados
Fedhas
Kikubaaqudgha
Makhleb
Okawaru
Qazlal
Ru
Uskayaw
Vehumet
Wu Jian
Xom
Yredelemnul
The Shining One

Shops:
D:7 }   D:12 ((

Annotations:
D:6 2 transporters


Innate Abilities, Weirdness & Mutations

You are too large for most types of armour.
You have claws for hands.
Your metabolism is lightning-fast.
You like to eat raw meat.
Your natural rate of healing is unusually fast.
You are covered in fur. (AC +1)
You have very tough skin. (AC +2)


Message History

You claw the orc warrior!
The orc warrior is moderately wounded.
The orc warrior hits you but does no damage.
You eviscerate the orc warrior!!!
You kill the orc warrior!
Qazlal accepts your kill.
Unknown command.
You closely miss the orc warrior.
The orc warrior is heavily wounded.
You closely miss the orc warrior.
The orc warrior is heavily wounded.
You are no longer berserk.
You are exhausted.
You feel yourself slow down. You block the orc warrior's attack.
The orc warrior hits you with a trident.
* * * LOW HITPOINT WARNING * * *
You closely miss the orc warrior.
The orc warrior is heavily wounded.
The orc warrior hits you with a great sword!!
You die...

............###........
...........###.........
............#..........
#....................
...................
.....##..........##
....###........§o.#
.... ##.......#oo# ...
##......#@## #......###
####..## #..## ####


You could see 3 orc warriors.

Vanquished Creatures
  The ghost of lurker the Blocker, a journeyman DDFi of Makhleb (D:10)
  Fannar (Lair:2)
  3 fire dragons
  5 hydras
  A centaur warrior (D:14)
  Erica (D:9)
  6 two-headed ogres
  5 death yaks (Lair:6)
  A fire crab (shapeshifter) (D:13)
  Nergalle (Orc:1)
  A swamp dragon (Lair:6)
  2 lindwurms (Lair:6)
  Pikel (D:8)
  2 orc knights (Orc:1)
  A deep elf mage (D:14)
  A salamander (shapeshifter) (D:13)
  An orc sorcerer (Orc:1)
  A manticore (D:14)
  16 elephants
  2 cyclopes
  3 ugly things
  2 black mambas
  5 torpor snails (Lair:6)
  14 spiny frogs
  3 rime drakes
  3 gargoyles
  8 komodo dragons
  A kobold demonologist (D:13)
  4 trolls
  9 hornets (Lair:6)
  3 tyrant leeches (Lair:6)
  Grinder (D:4)
  22 blink frogs
  6 dream sheep (Lair:6)
  2 spriggans
  12 hippogriffs
  3 wyverns
  2 wraiths
  A water elemental (D:14)
  2 redbacks (Lair:2)
  A tarantella (shapeshifter) (D:13)
  62 yaks
  Eustachio (D:4)
  5 steam dragons
  7 basilisks
  2 hungry ghosts
  Grum (D:8)
  A soldier ant (D:14)
  3 acid dragons (Lair:6)
  16 water moccasins
  7 porcupines
  Duvessa (D:4)
  A swamp drake (Lair:6)
  4 ice beasts
  2 sky beasts
  A black bear (D:11)
  12 orc warriors
  2 phantoms
  10 ogres
  5 centaurs
  10 crocodiles
  9 wolves
  Blork the orc (D:4)
  18 bullfrogs
  Dowan (D:4)
  6 scorpions
  12 killer bees
  10 wights
  A howler monkey (D:5)
  An electric eel (D:14)
  11 crimson imps
  A quasit (D:6)
  A bullfrog zombie (D:5)
  9 hounds
  8 orc priests
  3 bullfrog skeletons
  4 iguanas
  4 jellies
  15 orc wizards
  7 worker ants
  A killer bee zombie (D:6)
  2 hound skeletons
  A mummy (Ossuary)
  3 worker ant zombies
  7 gnolls
  13 adders
  2 shadow imps
  11 oozes
  An adder skeleton (D:6)
  7 worms
  4 dart slugs
  6 leopard geckos
  59 orcs
  12 bats
  11 giant cockroaches
  6 goblins
  9 hobgoblins
  23 jackals
  6 quokkas
  3 ball pythons
  8 frilled lizards
  3 gnoll skeletons (Ossuary)
  9 kobolds
  6 kobold skeletons (Ossuary)
  16 orc skeletons (Ossuary)
  A quokka skeleton (D:5)
  A quokka zombie (D:8)
  2 rats
  A spectral orc (D:3)
  3 butterflies (Lair:2)
  2 plants (Lair:6)
674 creatures vanquished.

Vanquished Creatures (collateral kills)
  A hydra (Lair:5)
  A yak (Lair:3)
  2 bullfrogs (Lair:3)
4 creatures vanquished.

Vanquished Creatures (others)
  An orc warrior (D:13)
  3 slaves (D:8)
  8 fungi
  23 plants
  A withered plant (D:10)
36 creatures vanquished.

Grand Total: 714 creatures vanquished

Notes
Turn   | Place    | Note
-------+----------+-------------------------------------------
     0 | D:1      | tsouns the Troll Artificer began the quest for the Orb.
     0 | D:1      | Reached XP level 1. HP: 18/18 MP: 1/1
    42 | D:1      | Reached skill level 1 in Fighting
    84 | D:1      | Reached skill level 1 in Unarmed Combat
    84 | D:1      | Reached XP level 2. HP: 27/27 MP: 2/2
   429 | D:1      | Reached XP level 3. HP: 35/35 MP: 3/3
   692 | D:2      | Reached skill level 2 in Unarmed Combat
   816 | D:2      | Reached XP level 4. HP: 21/42 MP: 4/4
   890 | D:2      | Found a radiant altar of Vehumet.
   891 | D:2      | Found a stormy altar of Qazlal.
   929 | D:2      | Became a worshipper of Qazlal Stormbringer
  1191 | D:3      | Found a snail-covered altar of Cheibriados.
  1479 | D:3      | Reached skill level 1 in Throwing
  1483 | D:3      | Reached skill level 3 in Unarmed Combat
  1483 | D:3      | Reached XP level 5. HP: 48/50 MP: 5/5
  1492 | D:3      | Reached * piety under Qazlal
  1613 | D:3      | Found a glowing golden altar of the Shining One.
  2074 | D:3      | Found a basalt altar of Yredelemnul.
  2128 | D:4      | Found an ancient bone altar of Kikubaaqudgha.
  2132 | D:4      | Noticed Duvessa
  2134 | D:4      | Noticed Dowan
  2161 | D:4      | Killed Duvessa
  2161 | D:4      | Reached XP level 6. HP: 40/61 MP: 6/6
  2175 | D:4      | Killed Dowan
  2275 | D:4      | Reached skill level 4 in Unarmed Combat
  2412 | D:4      | Reached XP level 7. HP: 65/68 MP: 7/7
  2442 | D:4      | Found a staircase to the Ecumenical Temple.
  2496 | D:4      | Found a blossoming altar of Fedhas.
  2508 | D:4      | Noticed Blork the orc
  2521 | D:4      | Killed Blork the orc
  2563 | D:4      | Noticed Eustachio
  2586 | D:4      | Noticed Grinder
  2587 | D:4      | Found a glowing drain.
  2613 | D:4      | Killed Grinder
  2613 | D:4      | Reached skill level 5 in Unarmed Combat
  2630 | D:4      | Killed Eustachio
  2654 | Sewer    | Entered a sewer
  2662 | Sewer    | Reached XP level 8. HP: 78/79 MP: 8/8
  2670 | Sewer    | Reached ** piety under Qazlal
  3257 | D:4      | Found a sacrificial altar of Ru.
  3269 | D:4      | Found a hide-covered altar of Uskayaw.
  3540 | D:5      | Entered Level 5 of the Dungeon
  3878 | D:5      | Reached skill level 5 in Fighting
  3916 | D:5      | Found a shattered altar of Ashenzari.
  4081 | D:5      | Reached skill level 6 in Unarmed Combat
  4245 | D:6      | Found a transporter.
  4258 | D:6      | Noticed a kobold demonologist
  4258 | D:6      | Noticed a kobold demonologist
  4307 | D:6      | Reached skill level 5 in Throwing
  4503 | D:6      | Found an iron altar of Okawaru.
  4625 | D:6      | Found a transporter.
  4822 | D:6      | Reached XP level 9. HP: 89/89 MP: 9/9
  5079 | D:7      | Reached *** piety under Qazlal
  5141 | D:7      | Reached skill level 7 in Unarmed Combat
  5258 | D:7      | Found Pysuom's Gadget Boutique.
  5547 | D:7      | Found a sand-covered staircase.
  5554 | Ossuary  | Entered an ossuary
  5629 | Ossuary  | Reached **** piety under Qazlal
  5943 | D:7      | Reached skill level 8 in Unarmed Combat
  5960 | D:7      | Found a burning altar of Makhleb.
  5964 | D:7      | Found a shimmering altar of Xom.
  6170 | D:8      | Noticed Pikel
  6184 | D:8      | Killed Pikel
  6184 | D:8      | Reached XP level 10. HP: 87/100 MP: 10/10
  6310 | D:8      | Noticed Grum
  6323 | D:8      | Killed Grum
  6523 | D:8      | Noticed a two-headed ogre
  6532 | D:8      | Killed a two-headed ogre
  6532 | D:8      | Reached skill level 9 in Unarmed Combat
  7148 | D:9      | Noticed a two-headed ogre
  7156 | D:9      | Killed a two-headed ogre
  7156 | D:9      | Reached skill level 1 in Armour
  7181 | D:9      | Reached skill level 10 in Unarmed Combat
  7447 | D:9      | Noticed Erica
  7473 | D:9      | Killed Erica
  7473 | D:9      | Reached XP level 11. HP: 66/109 MP: 11/11
  7828 | D:9      | Found a staircase to the Lair.
  8128 | Lair:1   | Entered Level 1 of the Lair of Beasts
  8164 | Lair:1   | Reached skill level 11 in Unarmed Combat
  8213 | Lair:1   | Reached skill level 1 in Invocations
  8401 | Lair:1   | Reached ***** piety under Qazlal
  9089 | Lair:2   | You fall through a shaft!
  9106 | Lair:3   | Reached skill level 12 in Unarmed Combat
  9259 | Lair:3   | Reached skill level 5 in Armour
  9295 | Lair:3   | Reached XP level 12. HP: 60/119 MP: 13/13
  9613 | Lair:2   | Reached skill level 5 in Invocations
  9617 | Lair:2   | Noticed Fannar
  9646 | Lair:2   | Killed Fannar
  9761 | Lair:2   | Found a hole to the Spider Nest.
 11161 | Lair:4   | Reached skill level 13 in Unarmed Combat
 11366 | Lair:4   | Found a staircase to the Swamp.
 12147 | Lair:5   | Reached XP level 13. HP: 105/127 MP: 17/17
 12901 | Lair:5   | Found a staircase to the Slime Pits.
 13137 | Lair:6   | Entered Level 6 of the Lair of Beasts
 13414 | Lair:6   | Reached skill level 14 in Unarmed Combat
 13849 | Lair:6   | Reached XP level 14. HP: 108/137 MP: 19/19
 14040 | Lair:6   | Found a runed door.
 14113 | Lair:6   | Paralysed by a hornet for 2 turns
 14204 | Lair:6   | Paralysed by a hornet for 2 turns
 15000 | D:10     | Entered Level 10 of the Dungeon
 15085 | D:10     | Found a runed door.
 15085 | D:10     | Noticed lurker's ghost (journeyman DDFi)
 15098 | D:10     | Killed lurker's ghost
 15122 | D:10     | Reached ****** piety under Qazlal
 15336 | D:10     | Reached skill level 15 in Unarmed Combat
 16121 | D:12     | Learned a level 1 spell: Animate Skeleton
 16125 | D:12     | Learned a level 3 spell: Conjure Flame
 16530 | D:12     | Found Docwaej's Weapon Emporium.
 16537 | D:12     | Found a staircase to the Orcish Mines.
 16703 | D:12     | Found Potel's Antique Weapon Emporium.
 16704 | D:12     | Found an ornate altar of the Wu Jian Council.
 16733 | D:12     | You fall through a shaft for 2 floors!
 17054 | D:13     | Found a shimmering altar of Xom.
 17238 | D:13     | Found a shimmering altar of Xom.
 17307 | D:13     | Found a gate to the Vaults.
 17513 | Orc:1    | Entered Level 1 of the Orcish Mines
 17548 | Orc:1    | Reached XP level 15. HP: 102/146 MP: 21/21
 17716 | Orc:2    | Entered Level 2 of the Orcish Mines
 17772 | Orc:1    | Noticed Nergalle
 17777 | Orc:1    | Killed Nergalle
 17794 | Orc:2    | Mangled by an orc warrior

Vault maps used:
D:1:      evilmike_arrival_crescent
D:2:      gammafunk_temple_overflow_pools, first_ration
D:3:      lemuel_round_altar, yredelemnul_forgotten_temple_becter,
          nicolae_overflow_hidden_temple
D:4:      eat_drink_and_be_merry_uskayaw, lemuel_crystal_altar, fedhas_altar_3,
          kennysheep_mini, minmay_temple_entry_grid,
          cheibrodos_sewer_entry_drain, minmay_crossroads, uniq_duvessa,
          uniq_eustachio, uniq_grinder, uniq_blork_the_orc
D:5:      nicolae_overflow_crystal_walls
D:6:      gammafunk_wand_slinger, overflow_temple_1_default
D:7:      grunt_temple_overflow_champion_of_chaos, chequers_ossuary_entry_cave,
          serial_shops, nicolae_shop_waterfront
D:8:      kennysheep_crisscross, uniq_grum, uniq_pikel
D:9:      erik_lair_dragon, the_bakery, uniq_erica
D:10:     gammafunk_ghost_grave
D:12:     orc_david_3, basic_altar, serial_shops, nicolae_shop_waterfront
D:13:     david_vaults_2, basic_altar, xom_teletrap_fun
D:14:     nrook_pool_corridor
Lair:2:   spider_nest_entry_webs, minmay_hedge_maze, lemuel_fruit_fields,
          uniq_fannar
Lair:3:   grunt_forest_large_clearing_hut
Lair:4:   swamp_mist_pool, cheibrodos_lair_reptile_den, grunt_megastairs_5
Lair:5:   nicolae_slime_entry_slimehenge
Lair:6:   wormcave, guppyfry_lair_end_dragon
Orc:1:    sword_in_stone, uniq_nergalle
Orc:2:    st_orc_elflike, special_room
Sewer:    sewer_fruit_machine
Ossuary:  ossuary_due_mausoleum

Skill      XL: |  1  2  3  4  5  6  7  8  9 10 11 12 13 14 |
---------------+-------------------------------------------+-----
Fighting       | 1 2 3 4 5 6 7 8 9 |  9.3
Unarmed Combat | 1 2 3 4 5 6 8 10 12 13 14 15 | 15.6
Throwing       | 1 2 3 4 5 6 7 9 |  9.2
Dodging        | 3 4 |  4.5
Armour         | 2 5 7 8 9 |  9.6
Invocations    | 3 6 8 9 |  9.6
Short Blades   | |  0.7
Stealth        | |  0.3
Evocations     | |  2.1

Action                   |  1- 3 |  4- 6 |  7- 9 | 10-12 | 13-15 || total
-------------------------+-------+-------+-------+-------+-------++-------
Melee: Unarmed           |   108 |   177 |   456 |   566 |   811 ||  2118
       Punch             |     1 |     2 |    10 |    29 |    70 ||   112
Throw: Stone             |       |       |       |    24 |       ||    24
       Large rock        |       |       |       |     7 |    19 ||    26
       Javelin           |       |       |       |       |     3 ||     3
Invok: Upheaval          |       |       |     3 |       |     3 ||     6
       Elemental Force   |       |       |       |     2 |     2 ||     4
Evoke: Wand              |       |       |     1 |     3 |     4 ||     8
  Use: Scroll            |       |    10 |    13 |     6 |     6 ||    35
       Potion            |       |     3 |     2 |     2 |     4 ||    11
 Stab: Sleeping          |       |     1 |       |       |       ||     1
  Eat: Chunk             |    13 |    15 |    42 |    49 |    57 ||   176
Armor: Robe              |    40 |    60 |   130 |    14 |       ||   244
       Pearl dragon scal |       |       |       |   224 |   369 ||   593
Dodge: Dodged            |    57 |    90 |   177 |   157 |   227 ||   708
       Deflected         |       |       |       |     5 |     9 ||    14
Block: Other             |       |     7 |    57 |   103 |   196 ||   363

Table legend:
 A = Spawn XP
 B = Non-spawn XP
 C = Spawn XP percentage of total XP
 D = Spawn monster count
 E = Non-spawn monster count
 F = Spawn count percentage of total count
 G = Total turns spent on level
                    A         B        C        D         E        F      G
               +---------+---------+-------+---------+---------+-------+---------
         Total |       0 |  106458 |   0.0 |       0 |     674 |   0.0 | 17794
               +---------+---------+-------+---------+---------+-------+---------
           D:1 |       0 |      49 |   0.0 |       0 |      23 |   0.0 |   690
           D:2 |       0 |      70 |   0.0 |       0 |      26 |   0.0 |   460
           D:3 |       0 |     144 |   0.0 |       0 |      27 |   0.0 |   969
           D:4 |       0 |    1227 |   0.0 |       0 |      20 |   0.0 |   903
           D:5 |       0 |     450 |   0.0 |       0 |      12 |   0.0 |   674
           D:6 |       0 |     795 |   0.0 |       0 |      27 |   0.0 |   801
           D:7 |       0 |    1564 |   0.0 |       0 |      29 |   0.0 |   842
           D:8 |       0 |    2821 |   0.0 |       0 |      25 |   0.0 |   891
           D:9 |       0 |    4973 |   0.0 |       0 |      34 |   0.0 |  1255
          D:10 |       0 |    6315 |   0.0 |       0 |      40 |   0.0 |   796
          D:11 |       0 |    2971 |   0.0 |       0 |      25 |   0.0 |   307
          D:12 |       0 |    6375 |   0.0 |       0 |      50 |   0.0 |   764
          D:13 |       0 |    4228 |   0.0 |       0 |      16 |   0.0 |   327
          D:14 |       0 |    6527 |   0.0 |       0 |      18 |   0.0 |   319
        Lair:1 |       0 |    7129 |   0.0 |       0 |      29 |   0.0 |   955
        Lair:2 |       0 |    4883 |   0.0 |       0 |      20 |   0.0 |  1020
        Lair:3 |       0 |    6378 |   0.0 |       0 |      29 |   0.0 |  1061
        Lair:4 |       0 |    4894 |   0.0 |       0 |      26 |   0.0 |  1002
        Lair:5 |       0 |   13994 |   0.0 |       0 |      53 |   0.0 |  1224
        Lair:6 |       0 |   26414 |   0.0 |       0 |      72 |   0.0 |  1537
         Orc:1 |       0 |    3358 |   0.0 |       0 |      19 |   0.0 |   219
         Orc:2 |       0 |     551 |   0.0 |       0 |       3 |   0.0 |    62
         Sewer |       0 |      91 |   0.0 |       0 |      24 |   0.0 |   518
       Ossuary |       0 |     257 |   0.0 |       0 |      27 |   0.0 |   198
               +---------+---------+-------+---------+---------+-------+---------
